 Dungeon Sprint DCSS version 0.22-a0-362-g535178c (webtiles) character file.

3573 Kidiri the Unseen (level 9, -2/48 HPs)
             Began as a Spriggan Enchanter on Apr 21, 2018.
             Was a Believer of Dithmenos.
             Slain by a redback (13 damage)
             ... in the Dungeon (Sprint I: "Red Sonja").
             The game lasted 00:03:09 (396 turns).

Kidiri the Unseen (Spriggan Enchanter)               Turns: 396, Time: 00:03:10

Health: -2/48      AC:  6    Str:  4    XL:     9   Next: 84%
Magic:  16/25      EV: 28    Int: 18    God:    Dithmenos [**....]
Gold:   478        SH:  0    Dex: 18    Spells: 19/31 levels left

rFire    . . .     SeeInvis +   k - +1 dagger (drain)
rCold    . . .     Gourm    .   (shield restricted)
rNeg     . . .     Faith    .   n - +0 troll leather armour
rPois    .         Spirit   .   m - +2 hat
rElec    .         Reflect  .   (no cloak)
rCorr    .         Harm     .   (gloves unavailable)
MR       +....     NoTele   +   (boots unavailable)
Stlth    ++++++++..             (no amulet)
HPRegen  0.56/turn              (no ring)
MPRegen  0.19/turn              (no ring)

@: lethally poisoned (-2 -> -7), wreathed by umbra, very quick
A: very small, unfitting armour, see invisible, herbivore, speed 3, slow
metabolism 2
a: Shadow Step, Renounce Religion


You were in the Dungeon.
You worshipped Dithmenos.
Dithmenos was pleased with you.
You were not hungry.

You visited 1 branch You collected 654 gold pieces.
You spent 176 gold pieces at shops.

Inventory:

Hand Weapons
 a - a +1 dagger
 k - a +1 dagger of draining (weapon)
Armour
 b - a +0 robe
 m - a +2 hat (worn)
 n - a +0 troll leather armour (worn)
Wands
 l - a wand of polymorph (18)
Scrolls
 j - a scroll of blinking
 o - a scroll of remove curse {unknown}
Potions
 c - a potion of cancellation {unknown}
 e - a potion of curing
 f - a potion of heal wounds
 g - a potion of haste
 h - 3 potions of magic
 i - a potion of flight {unknown}
Comestibles
 d - a ration


   Skills:
 + Level 5.7 Fighting
 * Level 10.8 Short Blades
 + Level 5.2 Armour
 * Level 13.7 Dodging
 * Level 15.1 Stealth
 * Level 11.9 Spellcasting
 + Level 9.2 Hexes


You had 19 spell levels left.
You knew the following spells:

 Your Spells              Type           Power        Failure   Level  Hunger
a - Corona                Hex            #####..      1%          1    None
b - Ensorcelled Hibernat  Hex/Ice        ####..       2%          2    None
c - Confuse               Hex            #####...     1%          3    None
d - Tukima's Dance        Hex            #####...     1%          3    None
e - Dazzling Spray        Conj/Hex       ####..       4%          3    None


Dungeon Overview and Level Annotations

Branches:
Dungeon (1/1)

Altars:
Cheibriados
Dithmenos
Elyvilon
Fedhas
Gozag
Hepliaklqana
Kikubaaqudgha
Nemelex Xobeh
Okawaru
Qazlal
Ru
Sif Muna
Trog
Uskayaw
Vehumet
Wu Jian
Yredelemnul
Zin
The Shining One

Shops:
D !![

Annotations:
D exclusion: 4 doors


Innate Abilities, Weirdness & Mutations

You are very small and have problems with some larger weapons.
You are too small for most types of armour.
You have supernaturally acute eyesight. (SInv)
You are a herbivore.
You cover ground extremely quickly.
You need to consume almost no food.


Message History

The redback is moderately wounded.
You hit the redback but do no damage.
The redback is moderately wounded.
You feel sick.
You strike the helpless redback from behind!
You spit the redback like a pig!!!
You kill the redback!
Dithmenos accepts your kill.
You feel sick.
You feel sick. The redback bites you!
* * * LOW HITPOINT WARNING * * *
Things that are here:
27 gold pieces; a redback corpse
Casting: Confuse (safe; 1% risk of failure)
Confirm with . or Enter, or press ? or * to list all spells.
Aiming: Confuse (safe; 1% risk of failure)
Press: ? - help, Shift-Dir - straight line, f - redback
Aim: a redback (clinging, umbra, chance to defeat MR: 69%)
The redback struggles to resist.
You feel sick. The redback bites you!
You die...

##+#_.+≈§§.§§.†#
†+..._#§≈§§§#§.#
##_.#+##§#####'###
###'#(#.§..###.'$#
###.####'###.###$#
.+...'..†..'.∩##.#
##.).###########$#
##.## #.# #+# +@#
#s# #§# +§#


You could see a redback.

Vanquished Creatures
  2 centaur warriors (D)
  Sonja (D)
  A deep troll (D)
  An oklob plant (D)
  A hornet (D)
  Sigmund (D)
  A redback (D)
  A yak (D)
  An ogre (D)
  A jelly (D)
  Ijyb (D)
12 creatures vanquished.

Notes
Turn   | Place    | Note
-------+----------+-------------------------------------------
     0 | D        | Kidiri the Spriggan Enchanter began the quest for the Orb.
     0 | D        | Reached XP level 1. HP: 9/9 MP: 5/5
     2 | D        | Noticed Ijyb
    14 | D        | Killed Ijyb
    14 | D        | Reached skill level 1 in Fighting
    14 | D        | Reached skill level 1 in Armour
    14 | D        | Reached skill level 5 in Stealth
    14 | D        | Reached XP level 2. HP: 14/14 MP: 4/8
    69 | D        | Learned a level 2 spell: Ensorcelled Hibernation
    74 | D        | Noticed an ogre
    82 | D        | Killed an ogre
    82 | D        | Reached skill level 7 in Stealth
    82 | D        | Reached skill level 5 in Spellcasting
    82 | D        | Reached XP level 3. HP: 18/18 MP: 6/10
    82 | D        | Reached XP level 4. HP: 23/23 MP: 7/12
    87 | D        | Learned a level 3 spell: Confuse
    91 | D        | Learned a level 3 spell: Tukima's Dance
    95 | D        | Learned a level 3 spell: Dazzling Spray
   125 | D        | Noticed Sigmund
   142 | D        | Killed Sigmund
   142 | D        | Reached skill level 5 in Short Blades
   142 | D        | Reached skill level 9 in Stealth
   142 | D        | Reached skill level 5 in Hexes
   142 | D        | Reached XP level 5. HP: 28/28 MP: 11/15
   142 | D        | Reached XP level 6. HP: 32/32 MP: 11/16
   179 | D        | Found an ornate altar of the Wu Jian Council.
   179 | D        | Found a deep blue altar of Sif Muna.
   181 | D        | Found a radiant altar of Vehumet.
   218 | D        | Found Zuits's Distillery.
   218 | D        | Found an ancient bone altar of Kikubaaqudgha.
   218 | D        | Found a hazy altar of Hepliaklqana.
   218 | D        | Found a stormy altar of Qazlal.
   218 | D        | Found a hide-covered altar of Uskayaw.
   218 | D        | Found a blossoming altar of Fedhas.
   218 | D        | Found a bloodstained altar of Trog.
   218 | D        | Found an iron altar of Okawaru.
   218 | D        | Found a basalt altar of Yredelemnul.
   218 | D        | Found a glowing golden altar of the Shining One.
   218 | D        | Found a snail-covered altar of Cheibriados.
   218 | D        | Found a sacrificial altar of Ru.
   218 | D        | Found a glowing silver altar of Zin.
   218 | D        | Found a shadowy altar of Dithmenos.
   218 | D        | Found a white marble altar of Elyvilon.
   218 | D        | Noticed a yak
   219 | D        | Found an opulent altar of Gozag.
   220 | D        | Killed a yak
   220 | D        | Reached skill level 10 in Stealth
   221 | D        | Found a sparkling altar of Nemelex Xobeh.
   227 | D        | Became a worshipper of Dithmenos the Shadowed
   242 | D        | Noticed Sonja
   246 | D        | Killed Sonja
   246 | D        | Reached skill level 10 in Dodging
   246 | D        | Reached skill level 12 in Stealth
   246 | D        | Reached XP level 7. HP: 37/37 MP: 17/20
   246 | D        | Reached XP level 8. HP: 42/42 MP: 18/22
   264 | D        | Found Ciarph's Distillery.
   287 | D        | Noticed a deep troll
   291 | D        | Killed a deep troll
   291 | D        | Reached skill level 13 in Stealth
   291 | D        | Reached skill level 10 in Spellcasting
   301 | D        | Found Keotud's Armour Emporium.
   311 | D        | Bought a +2 hat for 176 gold pieces
   346 | D        | Noticed a centaur warrior
   346 | D        | Noticed a centaur warrior
   348 | D        | Killed a centaur warrior
   348 | D        | Reached * piety under Dithmenos
   348 | D        | Reached skill level 5 in Fighting
   348 | D        | Reached XP level 9. HP: 47/47 MP: 24/24
   350 | D        | Killed a centaur warrior
   350 | D        | Reached skill level 10 in Short Blades
   350 | D        | Reached skill level 5 in Armour
   350 | D        | Reached skill level 14 in Stealth
   373 | D        | Noticed an oklob plant
   375 | D        | Killed an oklob plant
   375 | D        | Reached ** piety under Dithmenos
   375 | D        | Reached skill level 15 in Stealth
   396 | D        | Slain by a redback

Vault maps used:
D:        dungeon_sprint_1

Skill      XL: |  1  2  3  4  5  6  7  8  9 |
---------------+----------------------------+-----
Fighting       | 1 2 4 5 |  5.7
Short Blades   | 2 4 5 8 9 10 | 10.8
Armour         | 1 2 3 4 5 |  5.2
Dodging        | 4 6 8 10 12 13 | 13.7
Stealth        | 5 7 9 12 13 15 | 15.1
Spellcasting   | 4 5 6 9 10 11 | 11.9
Hexes          | 4 5 7 8 9 |  9.2

Action                   |  1- 3 |  4- 6 |  7- 9 || total
-------------------------+-------+-------+-------++-------
Melee: Dagger            |     9 |    15 |    14 ||    38
 Cast: Corona            |     2 |       |       ||     2
       Ensorcelled Hiber |     1 |       |     2 ||     3
       Confuse           |       |     1 |     2 ||     3
  Use: Potion            |     1 |       |       ||     1
 Stab: Sleeping          |     1 |     3 |     5 ||     9
       Confused          |       |     2 |     1 ||     3
Armor: Troll leather arm |       |       |     1 ||     1
Dodge: Dodged            |     5 |     2 |     5 ||    12

Table legend:
 A = Spawn XP
 B = Non-spawn XP
 C = Spawn XP percentage of total XP
 D = Spawn monster count
 E = Non-spawn monster count
 F = Spawn count percentage of total count
 G = Total turns spent on level
                    A         B        C        D         E        F      G
               +---------+---------+-------+---------+---------+-------+---------
         Total |       0 |    5105 |   0.0 |       0 |      12 |   0.0 |   396
               +---------+---------+-------+---------+---------+-------+---------
             D |       0 |    5105 |   0.0 |       0 |      12 |   0.0 |   396
               +---------+---------+-------+---------+---------+-------+---------
